 Dungeon Crawl Stone Soup version 0.29-a0-664-gff9cad4a3d (webtiles) character file.

Game seed: 5602873162041299855

86 ptdevnull the Digger (level 4, -9/24 HPs)
             Began as a Gargoyle Earth Elementalist on June 23, 2022.
             Mangled by an ogre
             ... wielding a +0 giant club
              (33 damage)
             ... on level 3 of the Dungeon.
             The game lasted 00:04:49 (1985 turns).

ptdevnull the Digger (Gargoyle Earth Elementalist)  Turns: 1985, Time: 00:04:50

Health: -9/24      AC:  5    Str: 11    XL:     4   Next: 50%
Magic:  8/8        EV: 11    Int: 15    God:
Gold:   112        SH:  0    Dex: 10    Spells: 7/8 levels left

rFire   . . .      SeeInvis .   h - +0 dagger
rCold   + + +      Faith    .   (no shield)
rNeg    + + .      Spirit   .   a - +0 robe
rPois   ∞          Reflect  .   (no helmet)
rElec   +          Harm     .   (no cloak)
rCorr   +          Rampage  .   (no gloves)
Will    .....                   (no boots)
Stlth   +.........              q - amulet of magic regeneration
HPRegen 0.08/turn               l - ring of Youthful Indiscretion {rC+++ rN+ rCorr Int-3 Stlth-}
MPRegen 0.51/turn               (no ring)

@: no status effects
A: sickness immunity, AC +3, negative energy resistance 1, electricity
resistance, torment resistance 1, petrification resistance
a: no special abilities


You were on level 3 of the Dungeon.
You visited 1 branch of the dungeon, and saw 3 of its levels.

You collected 112 gold pieces.

Inventory:

Hand Weapons
 h - a +0 dagger (weapon)
Armour
 a - a +0 robe (worn)
Jewellery
 l - the ring of Youthful Indiscretion (left hand) {rC+++ rN+ rCorr Int-3 Stlth-}
   (You found it on level 2 of the Dungeon)

   [ring of positive energy]

   Int:       It affects your intelligence (-3).
   rC:        It renders you almost immune to cold.
   rN:        It protects you from negative energy.
   rCorr:     It protects you from acid and corrosion.
   Stlth:     It makes you less stealthy.
 p - a ring of protection from cold
 q - an amulet of magic regeneration (around neck)
Scrolls
 c - 3 scrolls of identify {unknown}
 d - 3 scrolls of enchant armour {unknown}
 e - a scroll of summoning {unknown}
 f - 2 scrolls of acquirement {unknown}
 g - 3 scrolls of amnesia {unknown}
 i - a scroll of teleportation {unknown}
 j - a scroll of immolation {unknown}
 k - a scroll of blinking {unknown}
 m - a scroll of fear {unknown}
 o - 3 scrolls of noise {unknown}
Potions
 b - a potion of magic
 n - a potion of berserk rage {unknown}


   Skills:
 - Level 1.5 Dodging
 - Level 2.1 Stealth
 + Level 2.9 Spellcasting
 - Level 0.7 Transmutations
 * Level 5.5 Earth Magic


You had 7 spell levels left.
You knew the following spells:

 Your Spells              Type           Power      Damage    Failure   Level
a - Sandblast             Erth           36%        2d10      1%          1

Your spell library contained the following spells:

 Spells                   Type           Power      Damage    Failure   Level
 Passwall                 Tmut/Erth      9%         N/A       9%          2
 Foxfire                  Conj/Fire      8%         2x1d4     21%         1
 Stone Arrow              Conj/Erth      20%        3d8       21%         3
 Petrify                  Tmut/Erth      11%        N/A       50%         4
 Conjure Flame            Conj/Fire      2%         6-21      52%         3
 Inner Flame              Hex/Fire       2%         N/A       52%         3
 Flame Wave               Conj/Fire      2%         2d4       90%         4


Dungeon Overview and Level Annotations

Branches:
Dungeon (3/15)

Altars:


Innate Abilities, Weirdness & Mutations

You are immune to sickness and miasma.
Your stone body is resilient. (AC +3)
You are immune to poison.
You resist negative energy. (rN+)
You are resistant to electric shocks. (rElec)
You are resistant to unholy torment.
You are immune to petrification.


Message History

Okay, then.
A kobold comes into view. It is wielding a +0 dagger.
The kobold shouts!
A kobold is nearby!
The kobold throws a stone.
The stone barely misses you.
You can't see any susceptible monsters within range! (Use Z to cast anyway.)
The blast of sand misses the kobold.
The blast of sand hits the kobold.
You kill the kobold!
Things that are here:
a +0 dagger; 4 stones; a kobold corpse You now have 101 gold pieces (gained 14).
An orc comes into view. It is wielding a +0 war axe.
The orc shouts!
The blast of sand hits the orc!
You kill the orc!
You now have 112 gold pieces (gained 11).
You see here a +0 war axe.
A ball python comes into view.
The ball python hisses angrily.
Found a dented jade amulet.
The blast of sand hits the ball python!
You kill the ball python!
q - an amulet of magic regeneration You start putting on your amulet.
You continue putting on your amulet of magic regeneration. x5
You finish putting on your amulet of magic regeneration.
q - an amulet of magic regeneration (around neck)
Found a stone staircase leading down.
There is a stone staircase leading down here.
Found a stone staircase leading down.
An ogre comes into view. It is wielding a +0 giant club.
The ogre shouts!
The blast of sand hits the ogre!
The ogre is moderately wounded.
The blast of sand hits the ogre!
The ogre is severely wounded.
The ogre hits you with a +0 giant club!!
Ouch! That really hurt!
You die...

##.##.##.### #.
#....#.....# #.
#..##.##.#># #.
#..##.##.#.# #.
#..##.##.#.# #.
#..##.##.#.# #.
#..##.##....
#O######..##.####.#
#.@.......##.......
########.########.#
#.# #.#
#.########.#
#..........#
############


You could see an ogre.

Vanquished Creatures
  Natasha (D:2)
  An adder (D:2)
  An orc (D:3)
  4 ball pythons
  3 endoplasms
  A giant cockroach (D:2)
  9 goblins
  6 hobgoblins
  5 kobolds
  2 quokkas
  6 bats (D:1)
  4 frilled lizards
  2 rats
45 creatures vanquished.

Vanquished Creatures (others)
  2 fungi (D:1)
  3 plants (D:1)
5 creatures vanquished.

Grand Total: 50 creatures vanquished

Notes
Turn   | Place    | Note
-------+----------+-------------------------------------------
     0 | D:1      | ptdevnull the Gargoyle Earth Elementalist began the quest
                  | for the Orb.
     0 | D:1      | Reached XP level 1. HP: 10/10 MP: 3/3
   161 | D:1      | Reached skill level 4 in Earth Magic
   188 | D:1      | Reached XP level 2. HP: 15/15 MP: 3/5
   665 | D:1      | Found a faded altar of an unknown god.
   676 | D:1      | Reached XP level 3. HP: 14/19 MP: 4/6
  1203 | D:2      | Reached skill level 5 in Earth Magic
  1314 | D:2      | Identified the ring of Youthful Indiscretion {rC+++ rN+
                  | rCorr Int-3 Stlth-}
  1405 | D:2      | Noticed Natasha
  1410 | D:2      | Killed Natasha
  1411 | D:2      | Reached XP level 4. HP: 22/24 MP: 3/8
  1983 | D:3      | Noticed an ogre
  1985 | D:3      | Mangled by an ogre

Illustrated notes

Levels and vault maps discovered:
D:1:      lightli_arrival_statuegarden, layout_basic,
          shapermc_ecumenical_altar_ellora, hex_medium
D:2:      layout_loops_cross, uniq_natasha
D:3:      layout_loops_ring, amethyst_overflow_temple_binary

Skill      XL: |  1  2  3 |
---------------+----------+-----
Earth Magic    | 4 5 |  5.5
Dodging        | |  1.5
Stealth        | |  2.1
Spellcasting   | |  2.9
Transmutations | |  0.7

Action                   |  1- 3 |  4- 6 || total
-------------------------+-------+-------++-------
Melee: Dagger            |     1 |       ||     1
 Cast: Sandblast         |    45 |    19 ||    64
Armor: Robe              |     6 |     1 ||     7
Dodge: Dodged            |     7 |     2 ||     9

Table legend: (Time is in decaauts)
 A = Elapsed time spent in this place.
 B = Non-inter-level travel time spent in this place.
 C = Inter-level travel time spent in this place.
 D = Time resting spent in this place.
 E = Time spent auto-exploring this place.
 F = Levels seen in this place.
 G = Mean time per level.
                   A        B        C        D        E       F      G
               +--------+--------+--------+--------+--------+-----+--------+
         Total |   2046 |   2008 |     38 |      0 |   1732 |   3 |  682.0 |
       Dungeon |   2046 |   2008 |     38 |      0 |   1732 |   3 |  682.0 |
               +--------+--------+--------+--------+--------+-----+--------+

Top non-repeatable levels by time:
     D:1: 1027 daAuts
     D:2: 709 daAuts
     D:3: 309 daAuts
